3044 views
Uploaded 2020-07-15 00:36:20
Game version 1.32.6 / 1.32.7
27:54 long 1on1on1on1on1on1on1on1on1on1on1on1 custom game on Bandit Ridge 12Players FFA
Game name "LuX"
Saved by Immortalsoul
3044 views
Uploaded 2020-07-15 00:36:20
Game version 1.32.6 / 1.32.7
27:54 long 1on1on1on1on1on1on1on1on1on1on1on1 custom game on Bandit Ridge 12Players FFA
Game name "LuX"

36 units @ 6.6k
/ 1.3k
20 buildings @ 3.1k
/ 1.6k


| Rod of Necromancy | 2 | 300 |
| Orb of Corruption | 1 | 375 |
| total: | 3 | 675g |
| Acolyte | 5 | 375 | / | 0 |
| Ghoul | 6 | 720 | / | 0 |
| Obsidian Statue | 3 | 600 | / | 105 |
| Banshee | 5 | 775 | / | 150 |
| Meat Wagon | 2 | 460 | / | 100 |
| Frost Wyrm | 5 | 1925 | / | 600 |
| Necromancer | 4 | 580 | / | 80 |
| Crypt Fiend | 1 | 215 | / | 40 |
| Abomination | 1 | 240 | / | 70 |
| Gargoyle | 4 | 700 | / | 120 |
| total: | 36 | 6590g | / | 1265w |
| Nerubian Tower | 2 | 200 | / | 40 |
| Spirit Tower | 3 | 435 | / | 120 |
| Crypt | 1 | 200 | / | 50 |
| Altar of Darkness | 1 | 180 | / | 50 |
| Ziggurat | 10 | 1500 | / | 500 |
| Tomb of Relics | 1 | 130 | / | 30 |
| Graveyard | 1 | 215 | / | 0 |
| Slaughterhouse | 1 | 140 | / | 135 |
| Sacrificial Pit | 1 | 75 | / | 150 |
| Temple of the Damned | 2 | 310 | / | 280 |
| Boneyard | 2 | 350 | / | 400 |
| Halls of the Dead | 1 | 320 | / | 210 |
| Black Citadel | 1 | 325 | / | 230 |
| total: | 20 | 3100g | / | 1595w |
| 0:01 | Acolyte |
| 0:01 | Acolyte |
| 0:09 | Crypt |
| 0:16 | Altar of Darkness |
| 0:34 | Ziggurat |
| 1:03 | Tomb of Relics |
| 1:11 | Ghoul |
| 1:17 | Ziggurat |
| 1:30 | Ghoul |
| 1:46 | Ghoul |
| 1:51 | Nerubian Tower |
| 2:11 | Ghoul |
| 2:30 | Graveyard |
| 2:34 | Frost Nova |
| 2:45 | Rod of Necromancy |
| 3:22 | Ziggurat |
| 3:24 | Ziggurat |
| 3:39 | Ghoul |
| 3:47 | Ziggurat |
| 3:51 | Spirit Tower |
| 4:10 | Halls of the Dead |
| 4:47 | Ghoul |
| 4:59 | Spirit Tower |
| 5:08 | Ziggurat |
| 5:15 | Ziggurat |
| 6:32 | Black Citadel |
| 6:35 | Spirit Tower |
| 6:41 | Slaughterhouse |
| 6:48 | Ziggurat |
| 7:21 | Sacrificial Pit |
| 7:43 | Temple of the Damned |
| 7:45 | Temple of the Damned |
| 7:50 | Obsidian Statue |
| 8:02 | Nerubian Tower |
| 8:45 | Banshee Adept Training |
| 8:46 | Banshee |
| 9:00 | Orb of Corruption |
| 9:44 | Banshee |
| 9:45 | Banshee Master Training |
| 9:48 | Acolyte |
| 10:17 | Banshee |
| 10:31 | Obsidian Statue |
| 10:37 | Banshee |
| 11:16 | Dark Ritual |
| 11:49 | Boneyard |
| 11:53 | Boneyard |
| 12:25 | Impale |
| 12:30 | Meat Wagon |
| 12:49 | Creature Attack |
| 13:01 | Ziggurat |
| 13:02 | Ziggurat |
| 13:07 | Frost Wyrm |
| 13:47 | Banshee |
| 14:48 | Frost Wyrm |
| 14:56 | Rod of Necromancy |
| 16:18 | Improved Creature Attack |
| 16:41 | Skeletal Mastery |
| 16:41 | Necromancer Adept Training |
| 16:45 | Exhume Corpses |
| 17:29 | Necromancer Master Training |
| 17:30 | Necromancer |
| 18:02 | Meat Wagon |
| 18:10 | Necromancer |
| 18:46 | Necromancer |
| 18:55 | Frost Nova |
| 19:55 | Advanced Creature Attack |
| 20:00 | Crypt Fiend |
| 20:10 | Spiked Carapace |
| 20:19 | Acolyte |
| 21:13 | Freezing Breath |
| 21:55 | Frost Wyrm |
| 22:48 | Necromancer |
| 24:25 | Impale |
| 24:33 | Frost Wyrm |
| 24:35 | Obsidian Statue |
| 24:36 | Abomination |
| 24:46 | Gargoyle |
| 24:46 | Gargoyle |
| 24:46 | Gargoyle |
| 24:55 | Dark Ritual |
| 25:11 | Acolyte |
| 26:05 | Frost Wyrm |
| 26:19 | Gargoyle |
| Right click | 1611 |
| Select group | 1407 |
| Select | 571 |
| Misc. action | 272 |
| Build/train/purchase | 96 |
| Assign group | 85 |
| Use ability | 52 |
| Chat | 52 |
| Remove unit | 3 |
| Minimap ping | 2 |
45 units @ 8k
/ 1.3k
15 buildings @ 2.5k
/ 0.9k


| Rod of Necromancy | 2 | 300 |
| Ritual Dagger | 1 | 125 |
| Potion of Healing | 1 | 150 |
| Potion of Mana | 1 | 200 |
| total: | 5 | 775g |
| Acolyte | 2 | 150 | / | 0 |
| Ghoul | 4 | 480 | / | 0 |
| Crypt Fiend | 10 | 2150 | / | 400 |
| Obsidian Statue | 2 | 400 | / | 70 |
| Meat Wagon | 3 | 690 | / | 150 |
| Gargoyle | 18 | 3150 | / | 540 |
| Necromancer | 5 | 725 | / | 100 |
| Abomination | 1 | 240 | / | 70 |
| total: | 45 | 7985g | / | 1330w |
| Nerubian Tower | 1 | 100 | / | 20 |
| Spirit Tower | 2 | 290 | / | 80 |
| Ziggurat | 6 | 900 | / | 300 |
| Crypt | 3 | 600 | / | 150 |
| Altar of Darkness | 1 | 180 | / | 50 |
| Graveyard | 1 | 215 | / | 0 |
| Tomb of Relics | 1 | 130 | / | 30 |
| Slaughterhouse | 1 | 140 | / | 135 |
| Temple of the Damned | 2 | 310 | / | 280 |
| Halls of the Dead | 1 | 320 | / | 210 |
| Black Citadel | 1 | 325 | / | 230 |
| total: | 15 | 2475g | / | 945w |
| 0:03 | Acolyte |
| 0:06 | Ziggurat |
| 0:09 | Crypt |
| 0:12 | Crypt |
| 0:16 | Acolyte |
| 0:34 | Altar of Darkness |
| 0:58 | Graveyard |
| 1:12 | Ghoul |
| 1:27 | Ziggurat |
| 1:39 | Ghoul |
| 1:56 | Tomb of Relics |
| 2:03 | Nerubian Tower |
| 2:23 | Crypt Fiend |
| 2:34 | Death Coil |
| 2:47 | Crypt Fiend |
| 3:02 | Rod of Necromancy |
| 3:33 | Crypt Fiend |
| 4:03 | Halls of the Dead |
| 4:53 | Ziggurat |
| 4:54 | Unholy Strength |
| 5:03 | Crypt Fiend |
| 5:43 | Creature Attack |
| 6:17 | Ritual Dagger |
| 6:28 | Potion of Healing |
| 7:08 | Slaughterhouse |
| 7:23 | Sleep |
| 7:24 | Rod of Necromancy |
| 8:13 | Obsidian Statue |
| 8:18 | Crypt Fiend |
| 8:23 | Spirit Tower |
| 8:25 | Ziggurat |
| 9:07 | Meat Wagon |
| 9:18 | Potion of Mana |
| 9:23 | Spirit Tower |
| 9:35 | Gargoyle |
| 10:10 | Ghoul |
| 10:36 | Burrow |
| 11:02 | Meat Wagon |
| 11:27 | Crypt Fiend |
| 11:58 | Ghoul |
| 12:05 | Temple of the Damned |
| 12:08 | Temple of the Damned |
| 13:06 | Ziggurat |
| 13:11 | Necromancer Adept Training |
| 13:33 | Necromancer |
| 13:33 | Necromancer |
| 13:35 | Meat Wagon |
| 13:59 | Unholy Armor |
| 14:05 | Gargoyle |
| 14:31 | Necromancer |
| 14:31 | Necromancer |
| 14:59 | Black Citadel |
| 15:00 | Crypt Fiend |
| 15:17 | Web |
| 15:25 | Crypt |
| 15:57 | Ziggurat |
| 15:59 | Necromancer |
| 16:55 | Improved Creature Attack |
| 17:00 | Gargoyle |
| 17:01 | Gargoyle |
| 17:43 | Skeletal Mastery |
| 18:07 | Gargoyle |
| 18:07 | Gargoyle |
| 19:44 | Vampiric Aura |
| 19:45 | Gargoyle |
| 19:46 | Gargoyle |
| 20:14 | Sleep |
| 20:25 | Gargoyle |
| 20:25 | Gargoyle |
| 21:13 | Gargoyle |
| 21:13 | Gargoyle |
| 22:17 | Creature Carapace |
| 22:19 | Crypt Fiend |
| 22:38 | Gargoyle |
| 22:57 | Obsidian Statue |
| 23:23 | Gargoyle |
| 23:43 | Sleep |
| 23:45 | Crypt Fiend |
| 25:20 | Gargoyle |
| 25:21 | Gargoyle |
| 25:26 | Abomination |
| 25:28 | Unholy Aura |
| 26:29 | Improved Creature Carapace |
| 26:50 | Gargoyle |
| 26:51 | Gargoyle |
| 27:27 | Crypt Fiend |
| 27:31 | Stone Form |
| 27:34 | Destroyer Form |
| Right click | 1127 |
| Select | 619 |
| Misc. action | 149 |
| Build/train/purchase | 143 |
| Chat | 35 |
| Use ability | 24 |
34 units @ 3.5k
/ 0.3k
24 buildings @ 3.9k
/ 1.8k


| Staff of Preservation | 1 | 150 |
| Orb of Venom | 1 | 325 |
| Anti-magic Potion | 1 | 100 |
| total: | 3 | 575g |
| Wisp | 24 | 1440 | / | 0 |
| Archer | 6 | 780 | / | 60 |
| Chimaera | 4 | 1320 | / | 280 |
| total: | 34 | 3540g | / | 340w |
| Ancient Protector | 3 | 405 | / | 240 |
| Altar of Elders | 1 | 180 | / | 50 |
| Moon Well | 11 | 1980 | / | 440 |
| Ancient of War | 2 | 300 | / | 120 |
| Hunter's Hall | 1 | 210 | / | 100 |
| Ancient of Wonders | 1 | 90 | / | 30 |
| Ancient of Wind | 3 | 450 | / | 420 |
| Chimaera Roost | 2 | 280 | / | 380 |
| Tree of Ages | 1 | 320 | / | 180 |
| Tree of Eternity | 1 | 330 | / | 200 |
| total: | 24 | 3895g | / | 1780w |
| 0:05 | Wisp |
| 0:11 | Wisp |
| 0:26 | Altar of Elders |
| 0:38 | Moon Well |
| 0:40 | Wisp |
| 0:50 | Ancient of War |
| 1:03 | Wisp |
| 1:14 | Wisp |
| 1:24 | Wisp |
| 1:39 | Moon Well |
| 1:44 | Moon Well |
| 2:04 | Wisp |
| 2:05 | Ancient of War |
| 2:17 | Wisp |
| 2:17 | Wisp |
| 2:32 | Mana Burn |
| 2:51 | Hunter's Hall |
| 2:52 | Moon Well |
| 3:19 | Wisp |
| 3:19 | Wisp |
| 3:21 | Archer |
| 3:49 | Archer |
| 3:49 | Wisp |
| 3:50 | Wisp |
| 4:10 | Archer |
| 4:14 | Ancient Protector |
| 4:30 | Archer |
| 4:37 | Archer |
| 4:51 | Ancient Protector |
| 5:09 | Ancient Protector |
| 5:18 | Wisp |
| 5:56 | Archer |
| 6:00 | Wisp |
| 6:00 | Wisp |
| 6:31 | Tree of Ages |
| 6:57 | Strength of the Moon |
| 7:12 | Moon Well |
| 8:37 | Moon Armor |
| 8:45 | Ancient of Wonders |
| 9:04 | Nature's Blessing |
| 9:51 | Improved Strength of the Moon |
| 10:04 | Entangling Roots |
| 10:09 | Improved Bows |
| 10:44 | Tree of Eternity |
| 10:57 | Staff of Preservation |
| 11:33 | Improved Moon Armor |
| 12:26 | Ultravision |
| 13:57 | Chimaera Roost |
| 13:58 | Sentinel |
| 14:31 | Chimaera Roost |
| 14:58 | Marksmanship |
| 15:30 | Moon Well |
| 16:02 | Moon Well |
| 16:12 | Orb of Venom |
| 16:14 | Anti-magic Potion |
| 16:31 | Moon Well |
| 16:32 | Moon Well |
| 16:39 | Moon Well |
| 16:47 | Chimaera |
| 16:49 | Corrosive Breath |
| 16:55 | Wisp |
| 16:55 | Wisp |
| 17:09 | Chimaera |
| 18:01 | Moon Well |
| 19:02 | Chimaera |
| 20:18 | Force of Nature |
| 20:25 | Well Spring |
| 21:08 | Evasion |
| 22:28 | Ancient of Wind |
| 22:30 | Wisp |
| 22:30 | Wisp |
| 23:25 | Ancient of Wind |
| 23:58 | Chimaera |
| 25:25 | Ancient of Wind |
| 25:26 | Wisp |
| 25:26 | Wisp |
| 25:26 | Wisp |
| 25:27 | Wisp |
| Select group | 2693 |
| Right click | 2540 |
| Select | 530 |
| Build/train/purchase | 89 |
| Use ability | 78 |
| Assign group | 77 |
| Misc. action | 58 |
| Remove unit | 4 |
| Chat | 4 |
| Item give/drop | 1 |
22 units @ 3.9k
/ 0.6k
15 buildings @ 2.4k
/ 0.8k



| Rod of Necromancy | 2 | 300 |
| Potion of Healing | 1 | 150 |
| Scroll of Town Portal | 1 | 350 |
| total: | 4 | 800g |
| Acolyte | 3 | 225 | / | 0 |
| Ghoul | 3 | 360 | / | 0 |
| Crypt Fiend | 10 | 2150 | / | 400 |
| Obsidian Statue | 6 | 1200 | / | 210 |
| total: | 22 | 3935g | / | 610w |
| Nerubian Tower | 2 | 200 | / | 40 |
| Spirit Tower | 2 | 290 | / | 80 |
| Graveyard | 2 | 430 | / | 0 |
| Crypt | 1 | 200 | / | 50 |
| Altar of Darkness | 1 | 180 | / | 50 |
| Ziggurat | 8 | 1200 | / | 400 |
| Tomb of Relics | 1 | 130 | / | 30 |
| Slaughterhouse | 2 | 280 | / | 270 |
| Halls of the Dead | 1 | 320 | / | 210 |
| Black Citadel | 1 | 325 | / | 230 |
| total: | 15 | 2420g | / | 800w |
| 0:02 | Acolyte |
| 0:02 | Acolyte |
| 0:19 | Graveyard |
| 0:21 | Crypt |
| 0:39 | Altar of Darkness |
| 0:54 | Ziggurat |
| 1:22 | Ghoul |
| 1:38 | Ghoul |
| 1:41 | Ziggurat |
| 1:47 | Tomb of Relics |
| 2:08 | Crypt Fiend |
| 2:31 | Crypt Fiend |
| 2:43 | Nerubian Tower |
| 2:54 | Death Coil |
| 3:06 | Rod of Necromancy |
| 3:17 | Crypt Fiend |
| 3:43 | Ziggurat |
| 3:55 | Crypt Fiend |
| 4:38 | Acolyte |
| 4:51 | Ziggurat |
| 4:52 | Crypt Fiend |
| 5:37 | Spirit Tower |
| 5:43 | Halls of the Dead |
| 6:31 | Ziggurat |
| 6:34 | Crypt Fiend |
| 6:35 | Creature Attack |
| 7:18 | Ziggurat |
| 7:22 | Nerubian Tower |
| 7:24 | Crypt Fiend |
| 8:41 | Slaughterhouse |
| 8:46 | Burrow |
| 9:07 | Impale |
| 9:38 | Crypt Fiend |
| 9:43 | Obsidian Statue |
| 9:48 | Ziggurat |
| 10:55 | Crypt Fiend |
| 11:34 | Obsidian Statue |
| 11:36 | Black Citadel |
| 13:07 | Crypt Fiend |
| 13:09 | Improved Creature Attack |
| 13:10 | Obsidian Statue |
| 13:35 | Potion of Healing |
| 13:35 | Rod of Necromancy |
| 14:10 | Destroyer Form |
| 14:14 | Slaughterhouse |
| 14:40 | Obsidian Statue |
| 14:46 | Ghoul |
| 14:50 | Graveyard |
| 16:02 | Frost Nova |
| 16:09 | Obsidian Statue |
| 16:50 | Ziggurat |
| 17:53 | Creature Carapace |
| 18:21 | Spirit Tower |
| 18:48 | Advanced Creature Attack |
| 19:30 | Scroll of Town Portal |
| 21:13 | Improved Creature Carapace |
| 23:09 | Carrion Beetles |
| 23:20 | Obsidian Statue |
| Right click | 2339 |
| Select | 522 |
| Select group | 502 |
| Assign group | 204 |
| Build/train/purchase | 75 |
| Use ability | 43 |
| Misc. action | 27 |
| Chat | 11 |
| Minimap ping | 1 |
25 units @ 3.7k
/ 0.5k
22 buildings @ 2.2k
/ 0.8k



| Scroll of Regeneration | 6 | 600 |
| Lesser Clarity Potion | 11 | 770 |
| Staff of Sanctuary | 4 | 1000 |
| Orb of Fire | 3 | 975 |
| Potion of Healing | 3 | 450 |
| Ivory Tower | 2 | 80 |
| Scroll of Town Portal | 1 | 350 |
| total: | 30 | 4225g |
| Peasant | 9 | 675 | / | 0 |
| Rifleman | 11 | 2255 | / | 330 |
| Priest | 3 | 405 | / | 30 |
| Mortar Team | 2 | 360 | / | 140 |
| total: | 25 | 3695g | / | 500w |
| Scout Tower | 3 | 90 | / | 60 |
| Arcane Tower | 4 | 280 | / | 200 |
| Guard Tower | 2 | 140 | / | 100 |
| Blacksmith | 1 | 140 | / | 60 |
| Barracks | 1 | 160 | / | 60 |
| Farm | 10 | 800 | / | 200 |
| Altar of Kings | 1 | 180 | / | 50 |
| Arcane Vault | 2 | 260 | / | 60 |
| Lumber Mill | 2 | 240 | / | 0 |
| Arcane Sanctum | 1 | 150 | / | 140 |
| Workshop | 1 | 140 | / | 140 |
| Keep | 1 | 320 | / | 210 |
| Castle | 2 | 720 | / | 420 |
| total: | 22 | 2160g | / | 770w |
| 0:02 | Peasant |
| 0:04 | Peasant |
| 0:23 | Peasant |
| 0:38 | Peasant |
| 0:39 | Blacksmith |
| 0:49 | Barracks |
| 0:51 | Peasant |
| 0:55 | Farm |
| 1:03 | Peasant |
| 1:08 | Altar of Kings |
| 1:18 | Peasant |
| 1:32 | Peasant |
| 1:42 | Farm |
| 1:44 | Peasant |
| 2:02 | Farm |
| 2:08 | Rifleman |
| 2:30 | Rifleman |
| 2:39 | Farm |
| 2:57 | Acid Bomb |
| 3:00 | Rifleman |
| 3:23 | Rifleman |
| 3:52 | Rifleman |
| 4:01 | Arcane Vault |
| 4:07 | Black Gunpowder |
| 4:30 | Scout Tower |
| 4:34 | Rifleman |
| 4:59 | Arcane Tower |
| 5:01 | Scout Tower |
| 5:03 | Farm |
| 5:27 | Keep |
| 6:02 | Lumber Mill |
| 6:07 | Rifleman |
| 6:17 | Studded Leather Armor |
| 7:05 | Guard Tower |
| 7:08 | Scroll of Regeneration |
| 7:08 | Lesser Clarity Potion |
| 7:10 | Scroll of Regeneration |
| 7:10 | Lesser Clarity Potion |
| 7:15 | Farm |
| 7:42 | Farm |
| 8:02 | Long Rifles |
| 8:46 | Healing Spray |
| 8:53 | Storm Bolt |
| 9:11 | Rifleman |
| 9:26 | Rifleman |
| 9:46 | Scout Tower |
| 9:49 | Lesser Clarity Potion |
| 9:49 | Scroll of Regeneration |
| 10:00 | Castle |
| 10:38 | Arcane Sanctum |
| 10:40 | Guard Tower |
| 11:01 | Refined Gunpowder |
| 11:05 | Farm |
| 11:30 | Rifleman |
| 11:57 | Priest |
| 12:27 | Priest Adept Training |
| 12:43 | Staff of Sanctuary |
| 13:23 | Holy Light |
| 13:28 | Imbued Gunpowder |
| 13:31 | Bash |
| 13:32 | Orb of Fire |
| 14:09 | Thunder Clap |
| 14:49 | Farm |
| 14:53 | Farm |
| 14:56 | Priest Master Training |
| 15:53 | Devotion Aura |
| 16:10 | Lesser Clarity Potion |
| 16:10 | Scroll of Regeneration |
| 16:10 | Staff of Sanctuary |
| 16:17 | Priest |
| 16:20 | Rifleman |
| 16:27 | Potion of Healing |
| 16:44 | Arcane Vault |
| 16:58 | Lesser Clarity Potion |
| 17:21 | Workshop |
| 17:34 | Lesser Clarity Potion |
| 17:53 | Lesser Clarity Potion |
| 17:55 | Potion of Healing |
| 18:03 | Ivory Tower |
| 18:03 | Ivory Tower |
| 18:13 | Staff of Sanctuary |
| 18:13 | Staff of Sanctuary |
| 18:16 | Arcane Tower |
| 18:18 | Arcane Tower |
| 18:58 | Lumber Mill |
| 19:02 | Fragmentation Shards |
| 19:03 | Flak Cannons |
| 20:14 | Priest |
| 20:23 | Acid Bomb |
| 20:25 | Improved Masonry |
| 20:26 | Improved Lumber Harvesting |
| 20:35 | Lesser Clarity Potion |
| 20:42 | Reinforced Leather Armor |
| 21:32 | Potion of Healing |
| 21:33 | Orb of Fire |
| 22:41 | Scroll of Regeneration |
| 22:41 | Lesser Clarity Potion |
| 22:49 | Lesser Clarity Potion |
| 22:49 | Orb of Fire |
| 22:52 | Scroll of Regeneration |
| 23:04 | Scroll of Town Portal |
| 23:29 | Flare |
| 23:33 | Magic Sentry |
| 24:54 | Mortar Team |
| 25:04 | Lesser Clarity Potion |
| 25:13 | Dragonhide Armor |
| 26:06 | Storm Bolt |
| 26:19 | Mortar Team |
| Select group | 2353 |
| Right click | 2156 |
| Select | 745 |
| Misc. action | 189 |
| Build/train/purchase | 116 |
| Use ability | 100 |
| Assign group | 43 |
| Chat | 4 |
| Esc | 1 |
21 units @ 3.9k
/ 0.5k
17 buildings @ 2.5k
/ 1k



| Healing Salve | 4 | 400 |
| Lesser Clarity Potion | 8 | 560 |
| Scroll of Speed | 1 | 50 |
| Orb of Lightning | 2 | 750 |
| Potion of Healing | 1 | 150 |
| total: | 16 | 1910g |
| Peon | 9 | 675 | / | 0 |
| Wind Rider | 12 | 3180 | / | 480 |
| total: | 21 | 3855g | / | 480w |
| Watch Tower | 4 | 440 | / | 320 |
| Altar of Storms | 1 | 180 | / | 50 |
| Orc Burrow | 7 | 1120 | / | 280 |
| War Mill | 1 | 205 | / | 0 |
| Voodoo Lounge | 2 | 260 | / | 60 |
| Beastiary | 2 | 290 | / | 280 |
| Stronghold | 1 | 315 | / | 190 |
| Fortress | 1 | 325 | / | 190 |
| total: | 17 | 2495g | / | 990w |
| 0:02 | Peon |
| 0:04 | Peon |
| 0:09 | Altar of Storms |
| 0:14 | Orc Burrow |
| 0:18 | Peon |
| 0:44 | Peon |
| 0:55 | War Mill |
| 1:03 | Peon |
| 1:20 | Peon |
| 1:37 | Peon |
| 1:50 | Voodoo Lounge |
| 2:07 | Wind Walk |
| 2:24 | Watch Tower |
| 2:26 | Watch Tower |
| 2:46 | Orc Burrow |
| 2:55 | Peon |
| 3:23 | Voodoo Lounge |
| 3:35 | Peon |
| 3:38 | Spiked Barricades |
| 4:08 | Stronghold |
| 4:23 | Watch Tower |
| 4:38 | Healing Salve |
| 4:39 | Lesser Clarity Potion |
| 5:41 | Scroll of Speed |
| 6:31 | Lesser Clarity Potion |
| 6:48 | Beastiary |
| 7:00 | Fortress |
| 7:02 | Reinforced Defenses |
| 7:12 | Lesser Clarity Potion |
| 7:47 | Serpent Ward |
| 7:54 | Lesser Clarity Potion |
| 7:55 | Healing Salve |
| 8:06 | Wind Rider |
| 8:30 | Beastiary |
| 8:41 | Wind Rider |
| 8:43 | Orc Burrow |
| 8:46 | Orc Burrow |
| 9:20 | Lesser Clarity Potion |
| 9:29 | Envenomed Spears |
| 9:41 | Healing Salve |
| 9:46 | Wind Rider |
| 10:05 | Wind Rider |
| 10:33 | Feral Spirit |
| 10:39 | Wind Rider |
| 11:54 | Wind Rider |
| 11:58 | Critical Strike |
| 13:02 | Wind Rider |
| 13:26 | Lesser Clarity Potion |
| 13:28 | Healing Salve |
| 13:53 | Wind Rider |
| 14:38 | Lesser Clarity Potion |
| 14:40 | Orb of Lightning |
| 15:01 | Orc Burrow |
| 15:02 | Orc Burrow |
| 15:04 | Orc Burrow |
| 15:39 | Watch Tower |
| 16:40 | Steel Ranged Weapons |
| 16:42 | Steel Armor |
| 16:51 | Wind Rider |
| 18:35 | Wind Rider |
| 18:35 | Wind Rider |
| 18:35 | Wind Rider |
| 18:53 | Thorium Armor |
| 19:07 | Orb of Lightning |
| 19:17 | Potion of Healing |
| 20:39 | Healing Wave |
| 20:41 | Chain Lighting |
| 20:54 | Critical Strike |
| 21:56 | Lesser Clarity Potion |
| Right click | 1760 |
| Select group | 685 |
| Select | 385 |
| Assign group | 111 |
| Build/train/purchase | 109 |
| Use ability | 56 |
| Chat | 40 |
| Misc. action | 13 |
| Item give/drop | 3 |
| Remove unit | 1 |
| Esc | 1 |
45 units @ 8.2k
/ 1.3k
16 buildings @ 2.4k
/ 0.9k



| Rod of Necromancy | 2 | 300 |
| Ritual Dagger | 1 | 125 |
| Orb of Corruption | 1 | 375 |
| total: | 4 | 800g |
| Acolyte | 5 | 375 | / | 0 |
| Ghoul | 8 | 960 | / | 0 |
| Crypt Fiend | 22 | 4730 | / | 880 |
| Obsidian Statue | 7 | 1400 | / | 245 |
| Abomination | 1 | 240 | / | 70 |
| Meat Wagon | 2 | 460 | / | 100 |
| total: | 45 | 8165g | / | 1295w |
| Nerubian Tower | 1 | 100 | / | 20 |
| Spirit Tower | 4 | 580 | / | 160 |
| Crypt | 1 | 200 | / | 50 |
| Altar of Darkness | 1 | 180 | / | 50 |
| Ziggurat | 10 | 1500 | / | 500 |
| Tomb of Relics | 1 | 130 | / | 30 |
| Graveyard | 1 | 215 | / | 0 |
| Slaughterhouse | 1 | 140 | / | 135 |
| Sacrificial Pit | 1 | 75 | / | 150 |
| Halls of the Dead | 2 | 640 | / | 420 |
| Black Citadel | 1 | 325 | / | 230 |
| total: | 16 | 2440g | / | 915w |
| 0:02 | Acolyte |
| 0:10 | Crypt |
| 0:12 | Altar of Darkness |
| 0:14 | Acolyte |
| 0:32 | Ziggurat |
| 0:46 | Tomb of Relics |
| 1:14 | Ghoul |
| 1:27 | Graveyard |
| 1:36 | Ziggurat |
| 1:48 | Ghoul |
| 2:00 | Ghoul |
| 2:17 | Ghoul |
| 2:21 | Frost Nova |
| 2:25 | Nerubian Tower |
| 2:26 | Rod of Necromancy |
| 2:51 | Crypt Fiend |
| 3:49 | Crypt Fiend |
| 3:57 | Ghoul |
| 4:07 | Crypt Fiend |
| 4:12 | Crypt Fiend |
| 4:24 | Crypt Fiend |
| 4:28 | Ziggurat |
| 4:43 | Crypt Fiend |
| 5:08 | Halls of the Dead |
| 5:10 | Ghoul |
| 6:24 | Crypt Fiend |
| 6:24 | Crypt Fiend |
| 6:27 | Spirit Tower |
| 7:01 | Crypt Fiend |
| 7:04 | Creature Attack |
| 7:12 | Ziggurat |
| 7:14 | Creature Carapace |
| 7:18 | Ritual Dagger |
| 7:23 | Rod of Necromancy |
| 8:00 | Dark Ritual |
| 8:10 | Crypt Fiend |
| 8:16 | Slaughterhouse |
| 8:40 | Death Coil |
| 9:17 | Crypt Fiend |
| 9:30 | Obsidian Statue |
| 9:30 | Obsidian Statue |
| 9:32 | Crypt Fiend |
| 9:47 | Crypt Fiend |
| 10:10 | Black Citadel |
| 10:37 | Crypt Fiend |
| 10:54 | Crypt Fiend |
| 11:04 | Crypt Fiend |
| 11:08 | Ziggurat |
| 11:10 | Ziggurat |
| 11:11 | Ziggurat |
| 11:33 | Ziggurat |
| 11:36 | Spirit Tower |
| 12:07 | Crypt Fiend |
| 12:50 | Orb of Corruption |
| 12:58 | Destroyer Form |
| 13:33 | Abomination |
| 13:34 | Disease Cloud |
| 15:10 | Crypt Fiend |
| 15:12 | Burrow |
| 15:47 | Unholy Aura |
| 15:56 | Obsidian Statue |
| 15:56 | Obsidian Statue |
| 15:57 | Crypt Fiend |
| 15:57 | Crypt Fiend |
| 16:05 | Frost Nova |
| 16:13 | Crypt Fiend |
| 17:01 | Obsidian Statue |
| 17:55 | Meat Wagon |
| 18:31 | Web |
| 18:33 | Improved Creature Attack |
| 18:33 | Improved Creature Carapace |
| 19:07 | Sleep |
| 19:14 | Ghoul |
| 19:14 | Ghoul |
| 20:57 | Acolyte |
| 21:16 | Spirit Tower |
| 21:28 | Meat Wagon |
| 22:02 | Acolyte |
| 22:49 | Obsidian Statue |
| 22:51 | Obsidian Statue |
| 23:37 | Crypt Fiend |
| 23:41 | Sacrificial Pit |
| 24:23 | Dark Ritual |
| 24:31 | Acolyte |
| 24:37 | Ziggurat |
| 24:38 | Ziggurat |
| 25:31 | Spirit Tower |
| 25:33 | Advanced Creature Attack |
| Right click | 2002 |
| Select group | 775 |
| Assign group | 719 |
| Select | 534 |
| Misc. action | 343 |
| Build/train/purchase | 115 |
| Use ability | 64 |
| Esc | 11 |
34 units @ 6k
/ 1k
22 buildings @ 3.5k
/ 1.5k



| Rod of Necromancy | 2 | 300 |
| Orb of Corruption | 1 | 375 |
| Scroll of Town Portal | 1 | 350 |
| total: | 4 | 1025g |
| Acolyte | 10 | 750 | / | 0 |
| Ghoul | 2 | 240 | / | 0 |
| Crypt Fiend | 11 | 2365 | / | 440 |
| Obsidian Statue | 6 | 1200 | / | 210 |
| Meat Wagon | 3 | 690 | / | 150 |
| Frost Wyrm | 2 | 770 | / | 240 |
| total: | 34 | 6015g | / | 1040w |
| Nerubian Tower | 3 | 300 | / | 60 |
| Spirit Tower | 5 | 725 | / | 200 |
| Graveyard | 1 | 215 | / | 0 |
| Crypt | 1 | 200 | / | 50 |
| Altar of Darkness | 1 | 180 | / | 50 |
| Ziggurat | 10 | 1500 | / | 500 |
| Tomb of Relics | 2 | 260 | / | 60 |
| Necropolis | 2 | 450 | / | 0 |
| Slaughterhouse | 2 | 280 | / | 270 |
| Sacrificial Pit | 1 | 75 | / | 150 |
| Boneyard | 2 | 350 | / | 400 |
| Halls of the Dead | 1 | 320 | / | 210 |
| Black Citadel | 1 | 325 | / | 230 |
| total: | 22 | 3510g | / | 1480w |
| 0:01 | Acolyte |
| 0:06 | Graveyard |
| 0:11 | Crypt |
| 0:17 | Acolyte |
| 0:40 | Altar of Darkness |
| 0:58 | Ziggurat |
| 1:12 | Ghoul |
| 1:34 | Tomb of Relics |
| 1:49 | Crypt Fiend |
| 1:58 | Ziggurat |
| 2:20 | Crypt Fiend |
| 2:46 | Death Coil |
| 2:52 | Crypt Fiend |
| 2:53 | Nerubian Tower |
| 3:06 | Rod of Necromancy |
| 3:27 | Ghoul |
| 3:57 | Halls of the Dead |
| 4:12 | Crypt Fiend |
| 5:32 | Ziggurat |
| 5:33 | Spirit Tower |
| 5:35 | Ziggurat |
| 5:45 | Rod of Necromancy |
| 6:27 | Black Citadel |
| 7:08 | Burrow |
| 7:10 | Slaughterhouse |
| 7:11 | Slaughterhouse |
| 7:27 | Frost Nova |
| 7:36 | Spirit Tower |
| 8:28 | Unholy Aura |
| 8:36 | Crypt Fiend |
| 8:37 | Obsidian Statue |
| 8:37 | Obsidian Statue |
| 8:47 | Orb of Corruption |
| 9:53 | Destroyer Form |
| 10:51 | Frost Armor |
| 10:52 | Impale |
| 10:56 | Scroll of Town Portal |
| 11:08 | Web |
| 11:09 | Creature Attack |
| 11:10 | Creature Carapace |
| 11:21 | Meat Wagon |
| 11:25 | Meat Wagon |
| 13:05 | Ziggurat |
| 14:27 | Death Coil |
| 14:43 | Acolyte |
| 14:48 | Sacrificial Pit |
| 14:49 | Acolyte |
| 15:33 | Spiked Carapace |
| 15:42 | Meat Wagon |
| 15:45 | Spirit Tower |
| 15:49 | Boneyard |
| 16:33 | Frost Nova |
| 17:20 | Acolyte |
| 18:10 | Necropolis |
| 18:15 | Necropolis |
| 19:39 | Ziggurat |
| 19:40 | Ziggurat |
| 19:41 | Ziggurat |
| 20:06 | Acolyte |
| 20:07 | Acolyte |
| 20:07 | Acolyte |
| 20:07 | Acolyte |
| 20:44 | Impale |
| 20:46 | Nerubian Tower |
| 20:53 | Crypt Fiend |
| 20:53 | Crypt Fiend |
| 20:55 | Obsidian Statue |
| 20:55 | Obsidian Statue |
| 21:12 | Unholy Aura |
| 21:22 | Nerubian Tower |
| 21:23 | Acolyte |
| 21:25 | Crypt Fiend |
| 21:49 | Ziggurat |
| 21:50 | Ziggurat |
| 21:52 | Boneyard |
| 21:58 | Tomb of Relics |
| 22:16 | Freezing Breath |
| 22:17 | Improved Creature Attack |
| 22:41 | Spirit Tower |
| 22:48 | Spirit Tower |
| 23:33 | Crypt Fiend |
| 23:52 | Dark Ritual |
| 24:37 | Spiked Carapace |
| 25:58 | Crypt Fiend |
| 25:59 | Obsidian Statue |
| 26:24 | Frost Nova |
| 27:17 | Death Coil |
| 27:34 | Crypt Fiend |
| 27:37 | Frost Wyrm |
| 27:37 | Frost Wyrm |
| 27:39 | Obsidian Statue |
| Right click | 2421 |
| Select | 678 |
| Select group | 504 |
| Build/train/purchase | 180 |
| Use ability | 93 |
| Assign group | 39 |
| Misc. action | 35 |
| Chat | 7 |
| Esc | 5 |
| Item give/drop | 2 |
| Remove unit | 2 |
39 units @ 7k
/ 1.2k
31 buildings @ 2.7k
/ 1.4k


| Potion of Healing | 2 | 300 |
| Lesser Clarity Potion | 2 | 140 |
| Potion of Mana | 1 | 200 |
| total: | 5 | 640g |
| Peasant | 9 | 675 | / | 0 |
| Rifleman | 9 | 1845 | / | 270 |
| Priest | 6 | 810 | / | 60 |
| Sorceress | 4 | 620 | / | 80 |
| Gryphon Rider | 11 | 3080 | / | 770 |
| total: | 39 | 7030g | / | 1180w |
| Scout Tower | 9 | 270 | / | 180 |
| Guard Tower | 6 | 420 | / | 300 |
| Arcane Tower | 1 | 70 | / | 50 |
| Altar of Kings | 1 | 180 | / | 50 |
| Farm | 11 | 880 | / | 220 |
| Lumber Mill | 1 | 120 | / | 0 |
| Barracks | 1 | 160 | / | 60 |
| Blacksmith | 1 | 140 | / | 60 |
| Arcane Vault | 2 | 260 | / | 60 |
| Arcane Sanctum | 1 | 150 | / | 140 |
| Gryphon Aviary | 4 | 560 | / | 600 |
| Keep | 1 | 320 | / | 210 |
| Castle | 1 | 360 | / | 210 |
| total: | 31 | 2720g | / | 1370w |
| 0:04 | Altar of Kings |
| 0:05 | Peasant |
| 0:12 | Farm |
| 0:15 | Peasant |
| 0:15 | Peasant |
| 0:26 | Peasant |
| 0:41 | Lumber Mill |
| 0:51 | Peasant |
| 0:59 | Peasant |
| 1:08 | Barracks |
| 1:23 | Peasant |
| 1:38 | Blacksmith |
| 1:51 | Scout Tower |
| 2:02 | Peasant |
| 2:12 | Storm Bolt |
| 2:20 | Guard Tower |
| 2:25 | Scout Tower |
| 2:32 | Scout Tower |
| 3:01 | Guard Tower |
| 3:04 | Arcane Tower |
| 3:12 | Farm |
| 3:34 | Peasant |
| 3:43 | Rifleman |
| 4:08 | Farm |
| 4:12 | Rifleman |
| 4:54 | Keep |
| 4:55 | Improved Masonry |
| 4:58 | Rifleman |
| 5:02 | Farm |
| 5:12 | Rifleman |
| 5:36 | Arcane Vault |
| 5:41 | Scout Tower |
| 5:50 | Scout Tower |
| 5:56 | Rifleman |
| 6:01 | Black Gunpowder |
| 6:09 | Farm |
| 6:12 | Guard Tower |
| 6:20 | Guard Tower |
| 6:23 | Farm |
| 6:32 | Rifleman |
| 7:18 | Potion of Healing |
| 7:22 | Lesser Clarity Potion |
| 7:38 | Arcane Sanctum |
| 8:33 | Scout Tower |
| 8:39 | Rifleman |
| 8:53 | Priest |
| 8:54 | Sorceress |
| 9:01 | Lesser Clarity Potion |
| 9:26 | Potion of Mana |
| 9:33 | Potion of Healing |
| 9:42 | Holy Light |
| 10:50 | Scout Tower |
| 10:53 | Scout Tower |
| 10:58 | Priest |
| 11:07 | Rifleman |
| 11:22 | Guard Tower |
| 11:31 | Castle |
| 11:39 | Sorceress |
| 11:50 | Rifleman |
| 11:52 | Long Rifles |
| 12:41 | Farm |
| 12:44 | Farm |
| 12:48 | Scout Tower |
| 12:54 | Improved Lumber Harvesting |
| 13:11 | Sorceress |
| 13:12 | Priest |
| 13:16 | Guard Tower |
| 13:24 | Farm |
| 13:42 | Gryphon Aviary |
| 13:51 | Gryphon Aviary |
| 14:03 | Advanced Lumber Harvesting |
| 15:19 | Gryphon Rider |
| 15:23 | Gryphon Rider |
| 15:28 | Farm |
| 15:40 | Priest Adept Training |
| 15:45 | Gryphon Rider |
| 16:12 | Gryphon Rider |
| 16:23 | Iron Forged Swords |
| 17:00 | Thunder Clap |
| 17:07 | Storm Hammers |
| 17:50 | Gryphon Rider |
| 18:06 | Gryphon Rider |
| 18:44 | Priest Master Training |
| 19:15 | Priest |
| 19:41 | Divine Shield |
| 20:18 | Storm Bolt |
| 20:20 | Gryphon Rider |
| 20:47 | Holy Light |
| 20:52 | Priest |
| 20:52 | Priest |
| 21:25 | Gryphon Rider |
| 21:27 | Gryphon Rider |
| 21:58 | Sorceress |
| 22:17 | Gryphon Rider |
| 22:42 | Farm |
| 22:49 | Gryphon Rider |
| 23:16 | Arcane Vault |
| 23:35 | Studded Leather Armor |
| 24:12 | Gryphon Aviary |
| 24:20 | Gryphon Aviary |
| 24:40 | Steel Forged Swords |
| 24:59 | Reinforced Leather Armor |
| Right click | 1029 |
| Select group | 503 |
| Select | 317 |
| Build/train/purchase | 86 |
| Assign group | 40 |
| Use ability | 34 |
| Misc. action | 14 |
| Remove unit | 1 |
| Esc | 1 |
41 units @ 4.9k
/ 0.6k
19 buildings @ 2.9k
/ 1.2k

| Healing Salve | 2 | 200 |
| Lesser Clarity Potion | 1 | 70 |
| Potion of Healing | 2 | 300 |
| total: | 5 | 570g |
| Peon | 20 | 1500 | / | 0 |
| Troll Headhunter | 12 | 1680 | / | 240 |
| Demolisher | 5 | 1100 | / | 250 |
| Troll Batrider | 2 | 320 | / | 80 |
| Troll Witch Doctor | 2 | 290 | / | 50 |
| total: | 41 | 4890g | / | 620w |
| Watch Tower | 3 | 330 | / | 240 |
| Altar of Storms | 1 | 180 | / | 50 |
| Orc Burrow | 5 | 800 | / | 200 |
| War Mill | 2 | 410 | / | 0 |
| Barracks | 2 | 360 | / | 100 |
| Voodoo Lounge | 2 | 260 | / | 60 |
| Spirit Lodge | 1 | 150 | / | 150 |
| Beastiary | 3 | 435 | / | 420 |
| Stronghold | 1 | 315 | / | 190 |
| total: | 19 | 2925g | / | 1220w |
| 0:03 | Peon |
| 0:03 | Peon |
| 0:08 | Altar of Storms |
| 0:22 | Orc Burrow |
| 0:31 | Peon |
| 0:42 | Peon |
| 0:53 | War Mill |
| 1:01 | Peon |
| 1:09 | Peon |
| 1:24 | Barracks |
| 1:36 | Peon |
| 1:50 | Orc Burrow |
| 2:02 | Peon |
| 2:21 | Serpent Ward |
| 2:26 | Troll Headhunter |
| 2:32 | Barracks |
| 2:51 | Troll Headhunter |
| 3:09 | Peon |
| 3:20 | Troll Headhunter |
| 3:40 | Troll Headhunter |
| 3:41 | Stronghold |
| 4:08 | Orc Burrow |
| 4:10 | Troll Headhunter |
| 4:20 | Voodoo Lounge |
| 4:35 | Troll Headhunter |
| 5:01 | Orc Burrow |
| 5:21 | Watch Tower |
| 5:22 | Watch Tower |
| 5:29 | Troll Headhunter |
| 5:45 | Healing Salve |
| 5:50 | Healing Salve |
| 6:28 | Peon |
| 6:29 | Peon |
| 6:41 | Peon |
| 6:43 | Reinforced Defenses |
| 7:05 | Peon |
| 7:07 | Demolisher |
| 7:17 | Peon |
| 7:17 | Peon |
| 7:53 | Watch Tower |
| 7:56 | Orc Burrow |
| 8:05 | Troll Headhunter |
| 8:40 | Troll Headhunter |
| 8:48 | Troll Headhunter |
| 9:04 | Demolisher |
| 9:08 | Spirit Lodge |
| 9:33 | Beastiary |
| 9:34 | Beastiary |
| 9:44 | Demolisher |
| 10:06 | Demolisher |
| 10:19 | Lesser Clarity Potion |
| 10:32 | Potion of Healing |
| 10:48 | Troll Batrider |
| 11:10 | Troll Witch Doctor |
| 11:32 | Hex |
| 12:21 | Troll Batrider |
| 12:26 | Potion of Healing |
| 13:43 | Demolisher |
| 13:52 | Troll Headhunter |
| 13:53 | Serpent Ward |
| 14:33 | Troll Headhunter |
| 14:34 | Troll Witch Doctor |
| 15:18 | Peon |
| 15:19 | Peon |
| 15:19 | Peon |
| 15:19 | Peon |
| 15:26 | Voodoo Lounge |
| 15:29 | Beastiary |
| 15:48 | War Mill |
| 15:51 | Peon |
| Right click | 1137 |
| Select | 542 |
| Select group | 384 |
| Chat | 296 |
| Assign group | 201 |
| Misc. action | 157 |
| Build/train/purchase | 110 |
| Use ability | 106 |
| Esc | 4 |
63 units @ 9.7k
/ 1.8k
25 buildings @ 2.5k
/ 0.9k



| Staff of Sanctuary | 3 | 750 |
| Orb of Fire | 1 | 325 |
| Lesser Clarity Potion | 7 | 490 |
| Scroll of Regeneration | 3 | 300 |
| Potion of Healing | 1 | 150 |
| total: | 15 | 2015g |
| Peasant | 8 | 600 | / | 0 |
| Footman | 10 | 1350 | / | 0 |
| Rifleman | 16 | 3280 | / | 480 |
| Mortar Team | 14 | 2520 | / | 980 |
| Sorceress | 5 | 775 | / | 100 |
| Flying Machine | 6 | 600 | / | 180 |
| Priest | 4 | 540 | / | 40 |
| total: | 63 | 9665g | / | 1780w |
| Scout Tower | 3 | 90 | / | 60 |
| Arcane Tower | 1 | 70 | / | 50 |
| Altar of Kings | 1 | 180 | / | 50 |
| Barracks | 1 | 160 | / | 60 |
| Farm | 11 | 880 | / | 220 |
| Lumber Mill | 4 | 480 | / | 0 |
| Blacksmith | 1 | 140 | / | 60 |
| Arcane Vault | 1 | 130 | / | 30 |
| Arcane Sanctum | 1 | 150 | / | 140 |
| Workshop | 2 | 280 | / | 280 |
| Keep | 1 | 320 | / | 210 |
| Castle | 1 | 360 | / | 210 |
| total: | 25 | 2490g | / | 900w |
| 0:03 | Peasant |
| 0:03 | Peasant |
| 0:05 | Altar of Kings |
| 0:22 | Barracks |
| 0:31 | Peasant |
| 0:34 | Farm |
| 0:46 | Peasant |
| 0:53 | Farm |
| 1:03 | Peasant |
| 1:19 | Peasant |
| 1:22 | Footman |
| 1:22 | Footman |
| 1:31 | Scout Tower |
| 1:39 | Peasant |
| 1:46 | Peasant |
| 1:51 | Footman |
| 1:51 | Footman |
| 1:59 | Arcane Tower |
| 2:10 | Summon Water Elemental |
| 2:13 | Lumber Mill |
| 2:15 | Lumber Mill |
| 2:24 | Lumber Mill |
| 2:34 | Footman |
| 2:34 | Footman |
| 2:34 | Footman |
| 2:34 | Footman |
| 2:34 | Footman |
| 3:08 | Keep |
| 3:38 | Blacksmith |
| 3:40 | Farm |
| 3:45 | Farm |
| 4:23 | Farm |
| 4:24 | Footman |
| 5:06 | Rifleman |
| 5:33 | Arcane Sanctum |
| 5:51 | Rifleman |
| 6:02 | Workshop |
| 6:14 | Castle |
| 6:29 | Holy Light |
| 6:53 | Workshop |
| 7:05 | Farm |
| 7:40 | Black Gunpowder |
| 7:47 | Improved Masonry |
| 8:18 | Mortar Team |
| 8:18 | Mortar Team |
| 8:28 | Rifleman |
| 8:42 | Sorceress |
| 8:47 | Farm |
| 9:18 | Mortar Team |
| 9:42 | Sorceress Adept Training |
| 10:12 | Sorceress |
| 10:25 | Mortar Team |
| 10:32 | Storm Bolt |
| 11:27 | Arcane Vault |
| 11:30 | Mortar Team |
| 11:31 | Fragmentation Shards |
| 11:33 | Rifleman |
| 11:38 | Mortar Team |
| 11:50 | Refined Gunpowder |
| 12:11 | Rifleman |
| 12:35 | Staff of Sanctuary |
| 12:36 | Orb of Fire |
| 12:46 | Priest Adept Training |
| 13:35 | Mortar Team |
| 13:38 | Rifleman |
| 13:49 | Lesser Clarity Potion |
| 13:50 | Scroll of Regeneration |
| 13:57 | Mortar Team |
| 14:50 | Sorceress |
| 14:52 | Lesser Clarity Potion |
| 14:55 | Staff of Sanctuary |
| 15:06 | Sorceress Master Training |
| 15:57 | Rifleman |
| 16:04 | Bash |
| 16:06 | Lesser Clarity Potion |
| 16:10 | Rifleman |
| 16:12 | Flak Cannons |
| 16:13 | Flying Machine |
| 16:23 | Sorceress |
| 16:50 | Rifleman |
| 16:51 | Flying Machine |
| 17:17 | Priest Master Training |
| 17:28 | Priest |
| 18:06 | Long Rifles |
| 18:17 | Mortar Team |
| 19:15 | Devotion Aura |
| 19:50 | Farm |
| 20:01 | Flying Machine |
| 20:12 | Brilliance Aura |
| 20:30 | Scroll of Regeneration |
| 20:32 | Lesser Clarity Potion |
| 20:42 | Potion of Healing |
| 20:46 | Rifleman |
| 20:48 | Mortar Team |
| 21:12 | Staff of Sanctuary |
| 21:15 | Lesser Clarity Potion |
| 21:35 | Mortar Team |
| 21:56 | Rifleman |
| 21:57 | Mortar Team |
| 21:59 | Priest |
| 22:02 | Lesser Clarity Potion |
| 22:14 | Rifleman |
| 23:05 | Rifleman |
| 23:06 | Mortar Team |
| 23:16 | Scroll of Regeneration |
| 23:22 | Summon Water Elemental |
| 23:29 | Flying Machine |
| 23:29 | Flying Machine |
| 23:32 | Rifleman |
| 23:32 | Priest |
| 23:37 | Lesser Clarity Potion |
| 23:46 | Farm |
| 23:47 | Farm |
| 24:13 | Storm Bolt |
| 24:26 | Sorceress |
| 24:47 | Holy Light |
| 25:10 | Mortar Team |
| 25:11 | Rifleman |
| 25:19 | Flying Machine |
| 25:25 | Brilliance Aura |
| 25:57 | Flare |
| 26:14 | Scout Tower |
| 26:15 | Scout Tower |
| 26:22 | Lumber Mill |
| 26:25 | Rifleman |
| 26:26 | Priest |
| 27:49 | Farm |
| 27:53 | Devotion Aura |
| Right click | 2727 |
| Select group | 1993 |
| Select | 881 |
| Misc. action | 375 |
| Build/train/purchase | 222 |
| Use ability | 141 |
| Chat | 105 |
| Assign group | 93 |
| Esc | 8 |
| Item give/drop | 4 |
/ 0.4k
44 buildings @ 7.2k
/ 2.9k


| Wisp | 34 | 2040 | / | 0 |
| Archer | 11 | 1430 | / | 110 |
| Glaive Thrower | 3 | 630 | / | 195 |
| Hippogryph | 7 | 1120 | / | 140 |
| total: | 55 | 5220g | / | 445w |
| Ancient Protector | 14 | 1890 | / | 1120 |
| Moon Well | 17 | 3060 | / | 680 |
| Ancient of War | 4 | 600 | / | 240 |
| Altar of Elders | 2 | 360 | / | 100 |
| Hunter's Hall | 2 | 420 | / | 200 |
| Ancient of Wonders | 2 | 180 | / | 60 |
| Tree of Life | 1 | 340 | / | 185 |
| Ancient of Wind | 2 | 300 | / | 280 |
| Tree of Ages | 2 | 640 | / | 360 |
| Tree of Eternity | 2 | 660 | / | 400 |
| total: | 44 | 7150g | / | 2865w |
| 0:02 | Wisp |
| 0:02 | Wisp |
| 0:09 | Moon Well |
| 0:21 | Ancient of War |
| 0:25 | Wisp |
| 0:41 | Wisp |
| 0:46 | Altar of Elders |
| 0:48 | Wisp |
| 1:00 | Altar of Elders |
| 1:04 | Wisp |
| 1:18 | Wisp |
| 1:23 | Archer |
| 1:36 | Archer |
| 1:44 | Moon Well |
| 1:50 | Wisp |
| 2:01 | Archer |
| 2:02 | Wisp |
| 2:22 | Wisp |
| 2:33 | Hunter's Hall |
| 2:42 | Pocket Factory |
| 3:19 | Archer |
| 3:34 | Hunter's Hall |
| 4:08 | Moon Well |
| 4:10 | Moon Well |
| 4:24 | Archer |
| 4:27 | Tree of Ages |
| 4:45 | Archer |
| 4:52 | Ancient Protector |
| 5:04 | Ancient Protector |
| 5:21 | Ultravision |
| 5:32 | Archer |
| 5:41 | Ancient Protector |
| 6:16 | Ancient Protector |
| 6:17 | Moon Well |
| 6:48 | Wisp |
| 6:48 | Wisp |
| 6:48 | Wisp |
| 7:02 | Wisp |
| 7:02 | Wisp |
| 7:03 | Wisp |
| 7:13 | Improved Bows |
| 7:14 | Wisp |
| 7:14 | Wisp |
| 7:44 | Ancient of War |
| 8:00 | Wisp |
| 8:08 | Ancient of War |
| 8:10 | Wisp |
| 8:13 | Moon Well |
| 8:28 | Ancient of War |
| 8:40 | Moon Well |
| 8:45 | Ancient Protector |
| 8:47 | Moon Well |
| 8:48 | Wisp |
| 10:31 | Glaive Thrower |
| 10:36 | Wisp |
| 10:41 | Moon Well |
| 10:42 | Moon Well |
| 10:46 | Entangling Roots |
| 10:57 | Moon Well |
| 11:03 | Moon Well |
| 11:05 | Ancient Protector |
| 11:07 | Wisp |
| 11:07 | Wisp |
| 11:12 | Moon Well |
| 11:15 | Ancient Protector |
| 11:19 | Moon Well |
| 11:26 | Moon Well |
| 11:38 | Vorpal Blades |
| 11:59 | Moon Well |
| 12:20 | Wisp |
| 12:20 | Glaive Thrower |
| 12:55 | Ancient Protector |
| 13:45 | Wisp |
| 15:17 | Wisp |
| 15:19 | Ancient of Wind |
| 15:21 | Ancient of Wind |
| 15:37 | Ancient Protector |
| 16:25 | Hippogryph |
| 16:27 | Hippogryph |
| 16:57 | Hippogryph |
| 16:57 | Hippogryph |
| 17:22 | Hippogryph |
| 17:30 | Hippogryph |
| 17:58 | Glaive Thrower |
| 18:22 | Wisp |
| 18:23 | Wisp |
| 19:05 | Cluster Rockets |
| 19:18 | Ancient Protector |
| 19:45 | Force of Nature |
| 20:11 | Archer |
| 20:20 | Archer |
| 20:20 | Archer |
| 20:31 | Strength of the Moon |
| 20:36 | Moon Well |
| 20:37 | Nature's Blessing |
| 21:34 | Improved Strength of the Moon |
| 21:34 | Advanced Strength of the Moon |
| 21:38 | Tree of Eternity |
| 22:28 | Force of Nature |
| 24:05 | Pocket Factory |
| 24:39 | Ancient Protector |
| 24:42 | Ancient Protector |
| 25:13 | Ancient Protector |
| 25:17 | Ancient Protector |
| 25:18 | Wisp |
| 25:18 | Wisp |
| 25:22 | Marksmanship |
| 25:27 | Ancient of Wonders |
| 26:22 | Entangling Roots |
| 26:37 | Ancient of Wonders |
| 26:39 | Wisp |
| 26:39 | Wisp |
| 27:21 | Moon Armor |
| 27:25 | Archer |
| 27:28 | Hippogryph |
| 27:40 | Tree of Life |
| 27:50 | Wisp |
| Right click | 1604 |
| Select | 487 |
| Assign group | 394 |
| Select group | 363 |
| Build/train/purchase | 213 |
| Misc. action | 49 |
| Use ability | 29 |
| Remove unit | 4 |
⇛